 Crawl Stoat Soup version 0.23-ish-327-87-g3a41155e8f (console) character file.

382 ceb the Grave Robber (level 6, -6/36 HPs)
             Began as a Faerie Dragon Necromancer on Mar 30, 2024.
             Killed by divine providence
             ... invoked by an orc priest
              (15 damage)
             ... on level 4 of the Dungeon.
             The game lasted 00:07:10 (2714 turns).

ceb the Grave Robber (Faerie Dragon Necromancer)    Turns: 2714, Time: 00:07:10

Health: -6/36      AC:  7    Str:  6    XL:     6   Next: 76%
Magic:  10/10 (13) EV: 15    Int: 21    God:
Gold:   231        SH:  6    Dex: 12    Spells: 2/14 levels left

rFire    . . .     SeeInvis .   a - +0 short sword
rCold    . . .     Gourm    .   (shield restricted)
rNeg     . . .     Faith    .   (armour unavailable)
rPois    .         Spirit   .   (helmet restricted)
rElec    .         Warding  .   j - +0 cloak
rCorr    .         Reflect  .   (no gloves)
MR       .....     Harm     .   (no boots)
Stlth    +.........             (no amulet)
HPRegen  1.12/turn              (no ring)
MPRegen  0.13/turn              (no ring)

@: flying, regenerating, 3 MP reserved for charms, 0.10 MP regen used to sustain
charms
A: small, sparkly, unfitting armour, magic attunement, magical scales, able to
fly
a: Stop Flying, End Permanent Enchantments


You were on level 4 of the Dungeon.
You were not hungry.

You visited 1 branch of the dungeon, and saw 4 of its levels.

You collected 231 gold pieces.

Inventory:

Hand Weapons
 a - a +0 short sword (weapon)
 p - a +0 falchion
Armour
 j - a +0 cloak (worn)
Jewellery
 i - an uncursed ring of magical power {unknown}
Wands
 f - a wand of mindburst (10 charges)
 v - a wand of iceblast (6 charges)
Scrolls
 b - a scroll of immolation
 e - 2 scrolls of remove curse {unknown}
 g - 5 scrolls of teleportation {unknown}
 o - a scroll of fear
 t - a scroll of identify
 u - a scroll of enchant weapon {unknown}
 w - a scroll of magic mapping {unknown}
Potions
 d - a potion of agility {unknown}
 k - a potion of invisibility {unknown}
 l - a potion of curing
 m - a potion of might
 n - a potion of magic
 s - a potion of brilliance {unknown}
Comestibles
 c - 4 bread rations
 h - 2 meat rations
 q - 3 fruits
 r - 5 chunks of flesh


   Skills:
 + Level 4.6 Dodging
 - Level 1.2 Stealth
 + Level 4.8 Spellcasting
 + Level 6.7 Necromancy


You had 2 spell levels left.
You knew the following spells:

 Your Spells              Type           Power        Failure   Level  Hunger
a - Necrotise             Necr           25/25        1%          1    None
b - Animate Dead          Necr           N/A          7%          4    None
c - Vampiric Draining     Necr           33/200       1%          3    None
d - Regeneration          Chrm/Necr      19/200       26%         4    None

Your spell library contained the following spells:

 Spells                   Type           Power        Failure   Level  Hunger
 Apportation              Tloc           5/50         11%         1    None
 Confusing Touch          Hex            5/50         11%         1    None
 Summon Small Mammal      Summ           5/25         11%         1    None


Dungeon Overview and Level Annotations

Branches:
Dungeon (4/15)
 Temple: D:4-7

Altars:
Sif Muna


Innate Abilities, Weirdness & Mutations

Your sparkly wings attract attention (Stealth-).
You are small and have problems with some larger weapons.
You cannot fit into any form of body armour.
Your spells do not cause hunger; their MP costs are reduced by 1.
Your shimmering scales repel attacks (AC +6, SH +6).
You can fly continuously.


Message History

* * * LOW HITPOINT WARNING * * *
The orc priest misses you. x2
Casting: Necrotise (safe; 1% risk of failure)
Confirm with . or Enter, or press ? or * to list all spells.
Aiming: Necrotise (safe; 1% risk of failure)
Press: ? - help, Shift-Dir - straight line, f/p - orc priest
Aim: an orc priest, wielding a club (almost dead, chance to defeat MR: 84%)
The orc priest writhes in agony.
You kill the orc priest!
The dead are walking!
The orc priest barely misses you. You block the orc priest's attack.
Casting: Necrotise (safe; 1% risk of failure)
Confirm with . or Enter, or press ? or * to list all spells.
Aiming: Necrotise (safe; 1% risk of failure)
Press: ? - help, Shift-Dir - straight line, f - orc priest
Aim: an orc priest, wielding a dagger (chance to defeat MR: 84%)
The orc priest writhes in agony!
The orc priest mumbles some strange prayers to Beogh against you.
Beogh smites you!
You die... #......##o...".. #......Z@Z...... #.....###o...... #####..# ....... ##.# ....... ###.# ....... #.Z.# #...#.# #Z..# #..# ########## #...## (.. #...#..... ########## #.PPPPPPPPPPP.P.#.....

.........###.P.....P.....P.#.....
.........##..PPP.P.P.PPP.P.#.....
.........##..P...P...P...P.#.....
.........##.#P.P.PPP.PPPPP.......
.........##.#P.P...P.....P.##.##.
.........Z..#P.PPPPP.PPPPP.##.##.
.........#.....P..............##.


You could see 2 orc priests, a friendly orc priest skeleton and the friendly
Ijyb the goblin skeleton.

Vanquished Creatures
  Sigmund (D:2)
  An orc priest (D:4)
  Ijyb (D:4)
  Terence (D:3)
  6 gnolls
  5 adders
  A shadow imp (D:3)
  A worm (D:4)
  A leopard gecko (D:4)
  2 orcs
  6 bats
  A giant cockroach (D:3)
  6 goblins
  5 hobgoblins
  3 jackals (D:1)
  11 kobolds
  3 weasels
  4 frilled lizards
  3 rats (D:2)
62 creatures vanquished.

Vanquished Creatures (collateral kills)
  A gnoll (D:3)
  A dart slug (D:3)
  A kobold (D:2)
  A rat (D:3)
4 creatures vanquished.

Grand Total: 66 creatures vanquished

Notes
Turn   | Place    | Note
-------+----------+-------------------------------------------
     0 | D:1      | ceb the Faerie Dragon Necromancer began the quest for the
                  | Orb.
     0 | D:1      | Reached XP level 1. HP: 11/11 MP: 3/3
   196 | D:1      | Reached skill level 5 in Necromancy
   203 | D:1      | Reached XP level 2. HP: 15/17 MP: 5/5
   964 | D:2      | Reached XP level 3. HP: 21/21 MP: 5/7
  1056 | D:2      | Found a faded altar of an unknown god.
  1111 | D:2      | Noticed Sigmund
  1112 | D:2      | Noticed ceb's ghost (amateur FDNe)
  1119 | D:2      | Killed Sigmund
  1119 | D:2      | Witnessed revenge of ceb's ghost on Sigmund.
  1119 | D:2      | Reached skill level 6 in Necromancy
  1119 | D:2      | Reached XP level 4. HP: 27/27 MP: 7/9
  1119 | D:2      | Reached XP level 5. HP: 31/31 MP: 7/10
  1167 | D:2      | Found a deep blue altar of Sif Muna.
  1478 | D:3      | Learned a level 4 spell: Animate Dead
  1482 | D:3      | Learned a level 3 spell: Vampiric Draining
  1487 | D:3      | Learned a level 4 spell: Regeneration
  1633 | D:3      | Noticed Terence
  1638 | D:3      | Killed Terence
  1638 | D:3      | Reached XP level 6. HP: 34/36 MP: 12/12
  2649 | D:4      | Noticed Ijyb
  2659 | D:4      | Killed Ijyb
  2714 | D:4      | Killed from afar by an orc priest

Vault maps used:
D:1:      dpeg_arrival_morbid_curiosity
D:2:      nicolae_overflow_hidden_temple, overflow_temple_1_default,
          chequers_ecumenical_altar_simple_redux, uniq_sigmund
D:3:      first_bread, uniq_terence
D:4:      minmay_hedge_maze, uniq_ijyb

Skill      XL: |  1  2  3  4  5 |
---------------+----------------+-----
Necromancy     | 5 6 |  6.7
Spellcasting   | 3 4 |  4.8
Dodging        | 3 4 |  4.6
Stealth        | |  1.2

Action                   |  1- 3 |  4- 6 || total
-------------------------+-------+-------++-------
Melee: Short sword       |     3 |    15 ||    18
 Cast: Necrotise         |    48 |    86 ||   134
       * Regeneration    |       |    20 ||    20
       Vampiric Draining |       |     6 ||     6
       Animate Dead      |       |     1 ||     1
  Use: Scroll            |       |     6 ||     6
  Eat: Chunk             |       |     5 ||     5
Armor: Skin              |     5 |    10 ||    15
Dodge: Dodged            |    15 |    51 ||    66
Block: Other             |     8 |    28 ||    36
* Casting counts for permanent charms are approximate representations of how often the player would have had to cast a non-permanent spell for the same benefits.

Table legend:
 A = Spawn XP
 B = Non-spawn XP
 C = Spawn XP percentage of total XP
 D = Spawn monster count
 E = Non-spawn monster count
 F = Spawn count percentage of total count
 G = Total turns spent on level
                    A         B        C        D         E        F      G
               +---------+---------+-------+---------+---------+-------+---------
         Total |      34 |     512 |   6.2 |       9 |      57 |  13.6 |  2714
               +---------+---------+-------+---------+---------+-------+---------
           D:1 |       6 |      21 |  22.2 |       4 |      13 |  23.5 |   938
           D:2 |      14 |     227 |   5.8 |       2 |      19 |   9.5 |   611
           D:3 |      14 |     159 |   8.1 |       3 |      17 |  15.0 |   961
           D:4 |       0 |     105 |   0.0 |       0 |       8 |   0.0 |   204
               +---------+---------+-------+---------+---------+-------+---------
